 Dungeon Crawl Stone Soup version 0.28.0-47-ge53b351184 (webtiles) character file.

Game seed: 13702956558660150737

6059 powerkranz the Basher (level 11, -14/130 HPs)
             Began as a Human Berserker on May 5, 2022.
             Was a Believer of Trog.
             Demolished by a deep elf knight
             ... wielding a +0 scimitar of protection
              (22 damage)
             ... on level 9 of the Dungeon.
             The game lasted 00:30:19 (10582 turns).

powerkranz the Basher (Human Berserker)            Turns: 10582, Time: 00:30:19

Health: -14/130    AC: 13    Str: 21    XL:     11   Next: 11%
Magic:  11/11      EV:  7    Int: 15    God:    Trog [**....]
Gold:   138        SH:  0    Dex: 12    Spells: 10/10 levels left

rFire   . . .      SeeInvis .   x - +5 mace (holy)
rCold   . . .      Faith    .   (no shield)
rNeg    . . .      Spirit   .   a - +0 plate armour
rPois   .          Reflect  .   (no helmet)
rElec   .          Harm     .   t - scarf {repulsion}
rCorr   .          Rampage  .   (no gloves)
Will    ++...                   (no boots)
Stlth   ..........              i - amulet of regeneration
HPRegen 2.11/turn               r - +6 ring of intelligence
MPRegen 0.12/turn               (no ring)

@: berserking (expiring), strong-willed, regenerating, repel missiles, very
quick
A: no striking features
a: Renounce Religion, Berserk, Trog's Hand


You were on level 9 of the Dungeon.
You worshipped Trog.
Trog was pleased with you.
You visited 1 branch of the dungeon, and saw 9 of its levels.

You collected 521 gold pieces.
You spent 383 gold pieces at shops.

Inventory:

Hand Weapons
 x - a +5 mace of holy wrath (weapon)
Armour
 a - a +0 plate armour (worn)
 k - the +3 leather armour of the Thirteen Eyes {rF+ rC+++ rN+ Int+3}
   (You found it on level 8 of the Dungeon)

   Int:       It affects your intelligence (+3).
   rF:        It protects you from fire.
   rC:        It renders you almost immune to cold.
   rN:        It protects you from negative energy.
 m - a +0 cloak
 t - a scarf of repulsion (worn)
Jewellery
 i - an amulet of regeneration (around neck)
 n - an amulet of the acrobat
 p - a ring of protection from fire
 r - a +6 ring of intelligence (left hand)
Wands
 b - a wand of charming (6)
 l - a wand of flame (26)
 q - a wand of polymorph (22)
 v - a wand of mindburst (15)
 z - a wand of iceblast (4)
Scrolls
 d - 3 scrolls of teleportation
 g - 5 scrolls of amnesia
 s - a scroll of blinking {unknown}
 u - a scroll of magic mapping
 w - 2 scrolls of identify
 y - a scroll of fear
Potions
 c - 2 potions of attraction
 e - 2 potions of brilliance
 f - a potion of might {unknown}
 h - 5 potions of curing
 j - a potion of ambrosia {unknown}
 o - a potion of resistance {unknown}


   Skills:
 + Level 8.7 Fighting
 + Level 11.2 Maces & Flails
 + Level 8.5 Armour
 - Level 2.0 Dodging
 + Level 2.3 Stealth
 + Level 0.4 Evocations


You had 10 spell levels left.
You didn't know any spells.
Your spell library contained the following spells:

 Spells                   Type           Power      Damage    Failure   Level
 Blink                    Tloc           0%         N/A       100%        2
 Manifold Assault         Tloc           0%         N/A       100%        5
 Storm Form               Tmut/Air       0%         N/A       100%        7


Dungeon Overview and Level Annotations

Branches:
Dungeon (9/15)             Temple (0/1) D:4
   Lair: D:8-11         Orc: D:9-12

Altars:
Gozag

Shops:
D:4 (


Message History

a +0 troll leather armour; a basilisk corpse; a troll corpse You closely miss the deep elf knight.
The deep elf knight gestures at you while chanting.
The lance of force hits you.
You are knocked back by the lance of force.
You slam into the rock wall!
* * * LOW HITPOINT WARNING * * *
The deep elf knight gestures at you while chanting.
The shard of ice is repelled.
Your skin crawls.
You feel strong-willed.
The deep elf knight unwields a +0 scimitar of protection.
The deep elf knight wields a +0 shortbow.
The deep elf knight shoots an arrow.
The arrow barely misses you.
A red film seems to cover your vision as you go berserk!
You feel yourself moving faster!
You feel mighty!
The deep elf knight shoots an arrow.
The arrow hits you.
* * * LOW HITPOINT WARNING * * *
You feel a strong urge to attack something.
The deep elf knight shoots an arrow.
The arrow hits you!
* * * LOW HITPOINT WARNING * * *
The deep elf knight shoots an arrow.
The arrow closely misses you.
You feel your anger nearly subside.
The deep elf knight gestures at you while chanting.
The shard of ice misses you.
Things that are here:
a +0 troll leather armour; a basilisk corpse; a troll corpse You miss the deep elf knight.
The deep elf knight unwields a +0 shortbow.
The deep elf knight wields a +0 scimitar of protection.
The deep elf knight hits you with a +0 scimitar of protection!
* * * LOW HITPOINT WARNING * * *
You closely miss the deep elf knight.
The deep elf knight gestures at you while chanting.
The shard of ice hits you!!
* * * LOW HITPOINT WARNING * * *
You hit the deep elf knight.
The deep elf knight is lightly wounded.
The deep elf knight hits you with a +0 scimitar of protection!!
You die...

....#
#..#
....#
#..#
#####
#..##
#...#
#...#
#...#
#...#
##e##
#@#
#.#
##.#
#..#
##.##
#..#
##.##
#..#
#.##


You could see a deep elf knight (fast).

Vanquished Creatures
  A two-headed ogre (D:8)
  Pikel (D:9)
  3 trolls
  A wind drake (D:9)
  A slime creature (D:9)
  A wraith (D:9)
  4 yaks (D:8)
  A wyvern (D:9)
  A basilisk (D:9)
  2 orc warriors
  2 sky beasts
  The ghost of boopmooplesden the Covered, an amateur MiFi (D:6)
  A black bear (D:4)
  3 centaurs
  8 ogres
  A wolf (D:9)
  A phantom (D:6)
  3 scorpions
  A gnoll sergeant (D:8)
  A wyvern skeleton (D:6)
  5 killer bees (D:9)
  4 centaur zombies
  3 orc priests
  A gnoll shaman (D:6)
  Crazy Yiuf (D:5)
  2 iguanas
  9 orc wizards
  15 gnolls
  10 adders
  4 white imps
  An adder skeleton (D:4)
  3 dart slugs
  21 orcs
  7 bats
  6 endoplasms
  2 giant cockroaches (D:4)
  3 hobgoblins
  7 jackals
  4 kobolds
  3 quokkas
  2 ball pythons
  5 frilled lizards
  3 goblins
  A jackal skeleton (D:4)
  10 rats
170 creatures vanquished.

Vanquished Creatures (others)
  6 plants (D:4)
6 creatures vanquished.

Grand Total: 176 creatures vanquished

Notes
Turn   | Place    | Note
-------+----------+-------------------------------------------
     0 | D:1      | powerkranz the Human Berserker began the quest for the Orb.
     0 | D:1      | Reached XP level 1. HP: 18/18 MP: 1/1
   340 | D:1      | Reached XP level 2. HP: 24/24 MP: 2/2
   498 | D:1      | Found a faded altar of an unknown god.
   840 | D:1      | Reached XP level 3. HP: 29/29 MP: 3/3
  1612 | D:2      | Reached ** piety under Trog
  2405 | D:3      | Reached skill level 1 in Stealth
  2472 | D:3      | Reached XP level 4. HP: 25/35 MP: 4/4
  2720 | D:3      | Reached skill level 4 in Maces & Flails
  3297 | D:3      | Reached XP level 5. HP: 27/42 MP: 5/5
  3957 | D:3      | HP: 3/63 [something (3)]
  4339 | D:4      | Reached XP level 6. HP: 21/48 MP: 6/6
  4701 | D:4      | Found a staircase to the Ecumenical Temple.
  4832 | D:4      | Noticed an ogre
  4842 | D:4      | Killed an ogre
  4843 | D:4      | Reached skill level 5 in Maces & Flails
  4855 | D:4      | Found Jusaughe's Weapon Boutique.
  5055 | D:4      | Noticed a black bear
  5062 | D:4      | Killed a black bear
  5063 | D:4      | Reached XP level 7. HP: 55/55 MP: 7/7
  5513 | D:5      | Entered Level 5 of the Dungeon
  5533 | D:5      | Reached skill level 6 in Maces & Flails
  5560 | D:5      | Reached skill level 5 in Fighting
  5560 | D:5      | Reached XP level 8. HP: 33/62 MP: 8/8
  5713 | D:5      | HP: 1/93 [ogre/+0 giant club (15)]
  6057 | D:5      | Reached skill level 7 in Maces & Flails
  6074 | D:5      | Reached skill level 5 in Armour
  6487 | D:5      | Found a runed translucent door.
  6488 | D:5      | Noticed Crazy Yiuf
  6501 | D:5      | Killed Crazy Yiuf
  6596 | D:6      | Found a runed translucent door.
  6837 | D:6      | Noticed boopmooplesden's ghost (amateur MiFi)
  6899 | D:6      | Reached XP level 9. HP: 53/69 MP: 9/9
  7000 | D:6      | Noticed a troll
  7020 | D:6      | Killed a troll
  7021 | D:6      | Reached skill level 8 in Maces & Flails
  7834 | D:6      | Killed boopmooplesden's ghost
  8430 | D:4      | Bought a +4 mace of holy wrath for 383 gold pieces
  8519 | D:7      | Reached skill level 9 in Maces & Flails
  8553 | D:7      | You fall into a shaft and drop 1 floor!
  8636 | D:8      | Identified the +3 leather armour of the Thirteen Eyes {rF+
                  | rC+++ rN+ Int+3}
  8708 | D:8      | Found an opulent altar of Gozag.
  8737 | D:8      | Found an opulent altar of Gozag.
  8744 | D:8      | Found an opulent altar of Gozag.
  8752 | D:8      | Found an opulent altar of Gozag.
  8869 | D:8      | Noticed a two-headed ogre
  8882 | D:8      | Killed a two-headed ogre
  8883 | D:8      | Reached XP level 10. HP: 56/79 MP: 10/10
  9151 | D:8      | Reached skill level 10 in Maces & Flails
 10275 | D:9      | Noticed Pikel
 10291 | D:9      | Killed Pikel
 10431 | D:9      | Noticed a manticore
 10447 | D:9      | Reached skill level 11 in Maces & Flails
 10447 | D:9      | Reached XP level 11. HP: 54/87 MP: 11/11
 10447 | D:9      | a manticore changed into a wind drake
 10541 | D:9      | Noticed a deep elf knight
 10582 | D:9      | Demolished by a deep elf knight

Illustrated notes

Levels and vault maps discovered:
D:1:      co_arrival_random_square_maze, layout_basic,
          dreamdust_ecumenical_altar_grove, grunt_decor_mini_mirrors,
          dk_noncrumbling_3, minmay_tetromino_o4
D:2:      layout_loops_cross, chequers_serial_rivers_large_b
D:3:      layout_loops_corners, chequers_serial_rivers_micro_d,
          hangedman_decor_slide_cut
D:4:      layout_basic, minmay_temple_entry_gardened_gates,
          minmay_misc_feat_five, grunt_decor_junction, kennysheep_windowed_goal
D:5:      layout_loops_cross, amcnicky_mini_rare_corridor_liquid,
          uniq_crazy_yiuf_cottage
D:6:      layout_basic, ebering_ghost_reflecting_pool,
          chequers_serial_rivers_small_b
D:7:      layout_loops_ring, uniq_maggie
D:8:      layout_layer_cave, nicolae_gozag_conspicuous_consumption
D:9:      minmay_sliced_demisemicircle, layout_basic, lightli_orcish_oven,
          uniq_pikel

Skill      XL: |  1  2  3  4  5  6  7  8  9 10 |
---------------+-------------------------------+-----
Stealth        | 1 2 |  2.3
Maces & Flails | 4 5 6 7 9 11 | 11.2
Fighting       | 4 5 7 8 |  8.7
Armour         | 3 4 5 7 8 |  8.5
Dodging        | |  2.0
Evocations     | |  0.4

Action                   |  1- 3 |  4- 6 |  7- 9 | 10-12 || total
-------------------------+-------+-------+-------+-------++-------
Melee: Mace              |   102 |    22 |    24 |   230 ||   378
       Punch             |     1 |     1 |     1 |       ||     3
       Flail             |       |   142 |   268 |       ||   410
Invok: Berserk           |       |     5 |     7 |     4 ||    16
       Trog's Hand       |       |     5 |     6 |     3 ||    14
Evoke: Wand              |       |       |     1 |     4 ||     5
  Use: Scroll            |     2 |     3 |    10 |       ||    15
       Potion            |       |       |     2 |     1 ||     3
 Stab: Sleeping          |     2 |       |       |       ||     2
Armor: Animal skin       |     2 |       |       |       ||     2
       Leather armour    |    35 |    49 |       |       ||    84
       Ring mail         |       |    11 |     3 |       ||    14
       Chain mail        |       |       |   130 |       ||   130
       Plate armour      |       |       |     7 |   159 ||   166
Dodge: Dodged            |    66 |   102 |   110 |    85 ||   363
       Repelled          |       |       |       |     1 ||     1
